 Dungeon Crawl Stone Soup version 0.16.1-4-g8e1b745 (webtiles) character file.

555024 RobertPalmer the Ninja (level 26, -3/171 (177) HPs)
             Began as an Octopode Warper on Mar 26, 2015.
             Was a High Priest of Dithmenos.
             Slain by an Orb Guardian (16 damage)
             ... on level 5 of the Realm of Zot on Mar 27, 2015.
             The game lasted 05:27:19 (76845 turns).

RobertPalmer the Ninja (Octopode Warper)           Turns: 76845, Time: 05:27:19

HP:   -3/171 (177)  AC:  6    Str: 17    XL:     26   Next: 44%
MP:   14/45         EV: 26    Int: 26    God:    Dithmenos [*****.]
Gold: 2108          SH:  8    Dex: 25    Spells: 9 memorised, 5 levels left

rFire  + + .     SeeInvis .     a - +9 dagger (elec)
rCold  + + .     Clarity  .     L - +3 buckler {rPois}
rNeg   + + +     SustAb   .     z - +1 hat of Benevolence {rN+ MP+9 Slay+4}
rPois  ∞         Gourm    .     M - amulet of resist mutation {rMut, !d}
rElec  .         Spirit   .     e - ring "Akhlatsept" {rC+ Slay+2}
rCorr  .         Warding  .     c - +4 ring of protection
rMut   +         Stasis   .     G - +3 ring of slaying
MR     +++++                    P - +5 ring of intelligence
Stlth  +++++++++.               d - ring of protection from fire {rF+, !d}
                                E - +5 ring of dexterity
                                u - ring "Sheclir" {Int+4 Stlth+}
                                y - ring "Umyla" {+Blink rF+ rC+ Str+5}

@: about to teleport, shadow-form, very slightly contaminated, hasted, wreathed
by umbra, heavily drained, invisible, very quick, immune to hostile
enchantments, incredibly stealthy
A: almost no armour, amphibious, 8 rings, constrict 8, camouflage 1, breathe
flames 1, deterioration 1, low mp 1, gelatinous body 1, evolution 1
a: End Transformation, Shadow Step, Shadow Form, Renounce Religion, Breathe
Fire, Evoke Blink
0: Orb of Zot
}: 3/15 runes: decaying, serpentine, silver


You were on level 5 of the Realm of Zot.
You worshipped Dithmenos.
Dithmenos was extremely pleased with you.
You were not hungry.
You were a swirling mass of dark shadows.
You visited 9 branches of the dungeon, and saw 53 of its levels.
You visited the Abyss 1 time.
You visited 1 bazaar.
You also visited: Labyrinth, Sewer and Ice Cave.

You collected 7682 gold pieces.
You spent 5574 gold pieces at shops.

Inventory:

Hand weapons
 a - a +9 dagger of electrocution (weapon)
   (You took it off a goblin on level 1 of the Dungeon)
 b - a +3 blowgun
   (You took it off a kobold on level 4 of the Dungeon)
Missiles
 R - 13 curare-tipped needles
 U - 3 throwing nets {=f, !d}
Armour
 z - the +1 hat of Benevolence (worn) {rN+ MP+9 Slay+4}
   (You acquired it on level 9 of the Dungeon)

   It affects your accuracy and damage with ranged weapons and melee attacks
   (+4).
   It protects you from negative energy.
   It affects your magic capacity (+9).
 L - a +3 buckler of poison resistance (worn)
   (You bought it in a shop on level 7 of the Dungeon)
Jewellery
 c - a +4 ring of protection (right tentacle)
   (You found it on level 12 of the Dungeon)
 d - a ring of protection from fire (on tentacle) {rF+, !d}
   (You found it on level 1 of the Vaults)
 e - the ring "Akhlatsept" (left tentacle) {rC+ Slay+2}
   (You took it off a minotaur in a labyrinth)

   [ring of protection from cold]

   It affects your accuracy and damage with ranged weapons and melee attacks
   (+2).
   It protects you from cold.
 g - an uncursed ring of protection from fire {rF+, !d}
   (You found it on level 4 of the Depths)
 l - an uncursed ring of teleportation {+/*tele, !d}
   (You found it on level 2 of the Dungeon)
 m - an uncursed ring of protection from magic {MR+, !d}
   (You found it on level 2 of the Depths)
 u - the ring "Sheclir" (on tentacle) {Int+4 Stlth+}
   (You found it on level 1 of the Vaults)

   [ring of stealth]

   It affects your intelligence (+4).
   It makes you more stealthy.
 v - the amulet of the Jester {rC+ Regen+ Dex+2}
   (You found it on level 4 of the Dungeon)

   [amulet of regeneration]

   It affects your dexterity (+2).
   It protects you from cold.
   It increases your rate of regeneration.
 y - the ring "Umyla" (on tentacle) {+Blink rF+ rC+ Str+5}
   (You found it on level 5 of the Vaults)

   [ring of protection from fire]

   It affects your strength (+5).
   It protects you from fire.
   It protects you from cold.
   It lets you blink.
 E - a +5 ring of dexterity (on tentacle)
   (You found it on level 5 of the Vaults)
 G - a +3 ring of slaying (on tentacle)
   (You found it in a sewer)
 J - an uncursed ring of see invisible {sInv, !d}
   (You found it on level 11 of the Dungeon)
 M - an amulet of resist mutation (around mantle) {rMut, !d}
   (You found it on level 2 of the Swamp)
 P - a +5 ring of intelligence (on tentacle)
   (You found it on level 11 of the Dungeon)
 V - an uncursed amulet of resist corrosion {rCorr, !d}
   (You found it on level 11 of the Dungeon)
Magical devices
 t - a wand of heal wounds (0)
   (You found it on level 15 of the Dungeon)
 w - a wand of digging (3)
   (You found it on level 14 of the Dungeon)
 T - a wand of teleportation (3)
   (You found it on level 8 of the Lair of Beasts)
Scrolls
 B - 5 scrolls of fog
 D - 16 scrolls of identify
 F - 2 scrolls of holy word {!r}
 H - 4 scrolls of magic mapping {!r}
 O - a scroll of silence
 W - 7 scrolls of amnesia
 X - 9 scrolls of remove curse
 Y - a scroll of fear
Potions
 h - 5 potions of restore abilities
 j - 10 potions of haste
 k - 21 potions of curing
 n - 2 potions of cure mutation {!q}
 o - 5 potions of berserk rage {!q}
 p - 2 potions of agility
 r - 11 potions of might
 s - 3 potions of cancellation
 K - 4 potions of resistance
 Q - 6 potions of brilliance
Miscellaneous
 A - a legendary deck of changes {the Blade, drawn: 1}
   (You found it on level 3 of the Depths)
 C - 3 phantom mirrors
Comestibles
 f - 9 bread rations {@e1}
 i - 26 fruits
 N - 21 meat rations {@e2}


   Skills:
 - Level 13.9(10.3) Fighting
 - Level 11.0(7.6) Short Blades
 - Level 1.0(0.0) Throwing
 - Level 16.8(12.9) Dodging
 O Level 27(22.3) Stealth
 - Level 1.4(0.0) Shields
 - Level 11.9(8.4) Spellcasting
 - Level 15.5(11.7) Charms
 - Level 10.5(7.2) Summonings
 + Level 21.8(17.6) Translocations
 - Level 11.9(8.4) Invocations


You had 5 spell levels left.
You knew the following spells:

 Your Spells              Type           Power        Failure   Level  Hunger
a - Sure Blade            Hex/Chrm       ##........   1%          2    None
c - Shadow Creatures      Summ           N/A          14%         5    ####...
d - Repel Missiles        Chrm/Air       ##....       1%          2    None
e - Deflect Missiles      Chrm/Air       ##........   94%         6    ######.
f - Singularity           Tloc           ####......   100%        9    #######
g - Apportation           Tloc           ####......   0%          1    None
h - Haste                 Chrm           ###.....     14%         6    ######.
B - Controlled Blink      Tloc           N/A          8%          7    #######
S - Phase Shift           Tloc           ####......   1%          5    ####...


Dungeon Overview and Level Annotations

Branches:
Dungeon (15/15)            Temple (1/1) D:6            Lair (8/8) D:11
  Swamp (5/5) Lair:3        Snake (5/5) Lair:3        Slime (0/6) Lair:6
    Orc (4/4) D:9             Elf (0/3) Orc:3        Vaults (5/5) D:13
  Crypt (0/3) Vaults:3     Depths (5/5) D:15            Zot (5/5) Depths:5

Altars:
Ashenzari
Cheibriados
Dithmenos
Elyvilon
Fedhas
Gozag
Kikubaaqudgha
Makhleb
Nemelex Xobeh
Okawaru
Qazlal
Ru
Sif Muna
Trog
Vehumet
Xom
Yredelemnul
Zin
The Shining One
Beogh
Jiyva

Shops:
D:7 [   D:9 (!?}   D:15 %   Orc:1 !   Orc:3 [   Orc:4 !:*(   Vaults:2 *
Vaults:4 ?   Depths:2 (   Depths:4 (

Portals:
Hell: Depths:1 Depths:2 Depths:3 Depths:4 Depths:5
Abyss: Depths:3 Depths:4 Depths:5
Pandemonium: Depths:3 Depths:4
Ziggurat: Depths:3
Trove: Depths:3 (give 4 scrolls of blinking)

Annotations:
Lair:5 exclusion: oklob plant
Vaults:2 exclusion: Mennas, Mennas
Depths:3 exclusions: eye of devastation, 3 shining eyes and ugly thing
Depths:4 exclusion: great orb of eyes
Zot:2 exclusion: 2 upstairs


Innate Abilities, Weirdness & Mutations

You cannot wear most types of armour.
You are amphibious.
You can wear up to eight rings at the same time.
You can use your tentacles to constrict many enemies at once.
Your skin changes colour to match your surroundings (Stealth).
Your rubbery body absorbs attacks (AC +1).
You can breathe flames.
Your body is slowly deteriorating.
Your magical capacity is low (-10% MP).
You evolve.


Message History

The orb of fire glows deep purple.
Strange energies course through your body.
You feel odd for a moment.
You continue eating. x2
The Orb Guardian barely misses you.
You finish eating.
That bread ration really hit the spot!
Unknown command.
Unknown command.
Unknown command.
Read which item? (? for menu, Esc to quit)
Okay, then.
Drink which item? (? for menu, Esc to quit)
Okay, then.
Okay, then.
Unknown command.
Your extra speed is starting to run out.
You block the Orb Guardian's attack.
You emerge from the shadows.
You turn into a swirling mass of dark shadows.
You feel drained.
You feel less conspicuous. The Orb Guardian closely misses you.
The Orb Guardian hits you!!!
You emit a cloud of dark smoke.
You feel drained.
You take 18 damage, and have 100/171 hp.
You now have 10/45 mp.
Unknown command.
Unknown command.
The orb of fire glows yellow.
The bolt of fire hits you! You resist.
You emit a cloud of dark smoke.
You feel drained. The Orb Guardian misses you.
You take 6 damage, and have 94/171 hp.
The Orb Guardian hits you!
You emit a cloud of dark smoke.
You feel drained.
The Orb Guardian hits you but does no damage.
You take 6 damage, and have 88/171 hp.
The Orb Guardian completely misses you. The Orb Guardian hits you!!
You emit a cloud of dark smoke.
You feel drained.
You take 13 damage, and have 75/171 hp.
The Orb Guardian completely misses you.
You feel yourself slow down. You block the Orb Guardian's attack.
Okay, then.
Drink which item? (? for menu, Esc to quit)
Okay, then.
You feel much better.
This wand has 0 charges left.
Your surroundings seem slightly different.
You regained 27 hp, and now have 103/171 hp.
Unknown command.
Unknown command.
You feel strangely unstable.
You feel the orb delaying this translocation!
This wand has 3 charges left.
The Orb Guardian barely misses you. You block the Orb Guardian's attack.
The Orb Guardian hits you!!
You emit a cloud of dark smoke.
You feel drained. You block the Orb Guardian's attack.
The Orb Guardian barely misses you.
Your body shudders with the violent release of wild energies!
You feel yourself wasting away.
You feel less contaminated with magical energies.
You fade completely from view now that you are no longer glowing from magical contamination.
You take 17 damage, and have 86/171 hp.
The Orb Guardian closely misses you.
A bolt hits the storm dragon, but does no damage!
The Orb Guardian hits you!!
You emit a cloud of dark smoke.
You feel drained. The Orb Guardian misses you.
The storm dragon roars!
You take 16 damage, and have 70/171 hp.
The Orb Guardian completely misses you. The Orb Guardian hits you!!
You emit a cloud of dark smoke.
You feel drained.
You take 12 damage, and have 58/171 hp.
The Orb Guardian hits you!
* * * LOW HITPOINT WARNING * * *
You emit a cloud of dark smoke.
You feel drained. The Orb Guardian completely misses you.
You take 7 damage, and have 51/171 hp.
Read which item? (? for menu, Esc to quit)
Okay, then.
Drink which item? (? for menu, Esc to quit)
You feel yourself speed up. The Orb Guardian hits you!!!
* * * LOW HITPOINT WARNING * * *
You emit a cloud of dark smoke.
You feel drained. The Orb Guardian misses you.
The Orb Guardian completely misses you.
The orb of fire glows bright magenta.
Strange energies course through your body.
You feel odd for a moment.
You take 22 damage, and have 29/171 hp.
The Orb Guardian hits you!!
* * * LOW HITPOINT WARNING * * *
You emit a cloud of dark smoke.
You feel drained.
You take 17 damage, and have 12/171 hp.
An Orb Guardian comes into view.
The Orb Guardian hits you!!
You die...

**▓▓▓▓▓▓▓▓▓▓▓▓▓
****,........W.X.▓▓▓▓
**,,,,........XXXX.§§▓▓▓
**,,,,,,.....X....*§....▓▓
*,,,,,,,..........X§§.§..▓ ▓▓▓▓▓
*,,,,,,,..........§§*D§..▓▓▓....
**,,,,,,,........§§§§§§§.▓▓.....
**,,,,,,........§§§§X§§§▓.....§
**,,..........§§.§.§§§*§XX*..§
**,,..........^..^...§§§▓§§§§§§


You could see 2 orbs of fire and 7 Orb Guardians.

Vanquished Creatures
  2 ancient liches (Zot:5)
  2 orbs of fire (Zot:5)
  2 caustic shrikes (Depths:4)
  2 Killer Klowns (Zot:5)
  A curse toe (Zot:5)
  8 golden dragons
  Xtahua (Depths:4)
  2 electric golems
  4 tentacled monstrosities
  4 liches
  2 quicksilver dragons (Vaults:5)
  8 Orb Guardians (Zot:5)
  Asterion (Swamp:2)
  2 titans (Depths:3)
  3 sphinxes
  5 acid blobs (Zot:3)
  8 shadow dragons
  A thorn hunter (Swamp:4)
  7 storm dragons
  Frances (Snake:5)
  8 tengu reavers
  A draconian monk (Zot:4)
  10 fire giants
  3 orc warlords (Orc:4)
  13 vault wardens
  3 ghost moths
  Wiglaf (Snake:3)
  7 frost giants
  6 greater nagas
  A deep elf sorcerer (Vaults:5)
  3 draconian scorchers
  Aizul (Snake:4)
  2 emperor scorpions
  3 draconian knights
  2 draconian zealots (Zot:3)
  3 iron dragons (Vaults:5)
  7 very ugly things
  2 draconian annihilators (Zot:3)
  Jorgrun (Swamp:5)
  12 ironheart preservers
  A spriggan defender (Depths:3)
  20 stone giants
  6 draconian shifters
  4 draconian callers
  3 deep elf demonologists
  2 grey draconians
  7 green draconians
  4 black draconians
  3 purple draconians
  4 pale draconians
  A deep elf annihilator (Vaults:1)
  3 red draconians
  2 white draconians (Zot:4)
  13 yellow draconians
  A vampire knight (Depths:5)
  5 mottled draconians
  4 dire elephants
  Snorg (Snake:5)
  2 deep elf death magi
  A green death (Swamp:5)
  9 ettins
  A crystal guardian (Vaults:3)
  14 fire dragons
  3 minotaurs
  30 vault guards
  3 death cobs
  7 great orbs of eyes
  6 deep elf high priests
  16 ice dragons
  8 naga warriors
  12 centaur warriors
  18 yaktaur captains
  3 ghost crabs
  11 rakshasas
  16 anacondas
  2 catoblepae
  10 ogre magi
  2 dancing weapons (Vaults:5)
  A ghost crab (shapeshifter) (Depths:5)
  12 hydras
  A shock serpent (shapeshifter) (Vaults:5)
  15 death yaks
  5 deep troll earth magi
  6 spriggan air magi
  4 tengu warriors
  2 hell beasts
  8 alligators
  7 shock serpents
  7 deep troll shamans
  9 spriggans
  A thrashing horror (Swamp:5)
  4 spriggan berserkers
  5 orc high priests
  10 naga sharpshooters
  4 deep elf knights
  2 fire crabs
  A fire crab (shapeshifter) (Vaults:3)
  6 ice devils (IceCv)
  2 salamander mystics
  5 iron trolls
  A sun demon (Depths:3)
  8 hell knights
  4 shadow wraiths
  A death drake (shapeshifter) (Vaults:5)
  27 deep trolls
  10 swamp dragons
  8 sea snakes (Snake:5)
  A deep troll (shapeshifter) (Depths:4)
  2 flayed ghosts
  2 deep elf summoners
  7 naga ritualists
  2 giant orange brains
  3 unseen horrors
  2 ice statues (IceCv)
  7 deep elf conjurers
  5 necromancers
  5 hill giants
  2 shambling mangroves (Swamp:3)
  A lindwurm (Lair:5)
  9 harpies
  7 hornets
  A salamander (shapeshifter) (Vaults:4)
  4 oklob plants
  13 ironbrand convokers
  14 mana vipers
  4 griffons
  5 cyclopes
  3 wolf spiders
  9 salamanders
  A large abomination (Swamp:5)
  9 orc knights
  A human zombie (Vaults:1)
  18 ugly things
  A fire giant zombie (Vaults:1)
  5 wizards
  A shining eye (shapeshifter) (Vaults:5)
  A water nymph (shapeshifter) (Vaults:5)
  A phantasmal warrior (Vaults:5)
  A stone giant zombie (Vaults:1)
  8 elephants
  4 orc sorcerers
  2 rust devils
  A stone giant skeleton (Vaults:2)
  6 guardian serpents
  An elephant (shapeshifter) (Depths:5)
  Joseph (Orc:1)
  10 vault sentinels
  13 moths of wrath
  24 spiny frogs
  2 gargoyles
  3 torpor snails
  2 orange demons
  46 black mambas
  13 naga magi
  Psyche (D:9)
  A spriggan zombie (Depths:2)
  24 yaktaurs
  A demonic crawler (Vaults:1)
  An elf (shapeshifter) (Vaults:1)
  A hellwing (Depths:3)
  An iron troll zombie (Depths:4)
  6 komodo dragons
  3 kobold demonologists
  4 tengu conjurers
  6 deep elf priests
  8 blue devils
  2 efreet
  2 fire drakes
  2 komodo dragons (shapeshifter) (Vaults:3)
  A merfolk (D:11)
  2 polar bears (Lair:7)
  4 giant leeches
  4 freezing wraiths
  8 trolls
  A hornet zombie (D:13)
  A two-headed ogre (shapeshifter) (Depths:3)
  18 two-headed ogres
  A red devil (Depths:2)
  29 slime creatures
  11 bog bodies
  A baby alligator (shapeshifter) (Depths:5)
  3 boulder beetles
  4 baby alligators
  A raven (shapeshifter) (Vaults:2)
  2 deep troll zombies (Depths:4)
  18 ravens
  11 blink frogs
  A yak (shapeshifter) (Depths:1)
  4 redbacks
  A wraith (Vaults:1)
  A basilisk (shapeshifter) (Vaults:1)
  3 basilisks
  23 humans
  4 vampires
  5 air elementals (Depths:5)
  A wyvern (shapeshifter) (Depths:3)
  7 deep elf magi
  7 wyverns
  15 deep elf fighters
  2 hungry ghosts
  Eustachio (D:6)
  4 shadows
  22 yaks
  3 fire bats
  A steam dragon (Lair:8)
  A neqoxec (Depths:3)
  A fire elemental (Depths:4)
  A small abomination (Orc:4)
  A hippogriff (shapeshifter) (Vaults:2)
  8 hippogriffs
  33 swamp worms
  12 wolves
  54 nagas
  5 mottled dragons
  A soldier ant (D:12)
  6 wargs
  An ogre zombie (Vaults:1)
  13 vampire mosquitoes
  48 water moccasins
  5 sky beasts
  13 swamp drakes
  4 ice beasts (IceCv)
  6 porcupines
  10 wasps
  37 orc warriors
  A black bear (D:6)
  11 centaurs
  49 ogres
  4 boggarts
  3 phantoms
  A human skeleton (Vaults:1)
  The ghost of RobertPalmer the Cutter, an average OpWr (D:3)
  Sigmund (D:9)
  12 crocodiles
  17 giant frogs
  A big kobold (D:8)
  A wyvern zombie (D:13)
  2 gnoll sergeants
  2 wyvern skeletons
  13 killer bees
  A scorpion (shapeshifter) (Vaults:4)
  A human simulacrum (Vaults:1)
  4 scorpions
  6 wights
  3 electric eels
  6 crimson imps
  A giant frog zombie (D:12)
  19 jellies
  3 centaur zombies
  22 orc priests
  4 centaur skeletons
  13 hounds
  14 iguanas
  4 iron imps
  4 giant frog skeletons
  A quasit (Depths:3)
  21 worker ants
  30 orc wizards
  A hell rat (Lair:5)
  A killer bee zombie (D:8)
  16 sheep
  Ijyb (D:1)
  An elf simulacrum (Vaults:1)
  A mummy (D:13)
  2 hound skeletons
  28 adders
  11 gnolls
  5 shadow imps
  16 white imps
  3 giant mites
  20 river rats
  A giant eyeball (Vaults:1)
  6 ufetubi
  3 worms
  186 orcs
  6 giant cockroaches
  22 goblins
  18 hobgoblins
  11 jackals
  14 quokkas
  16 ball pythons
  13 bats
  9 giant geckos
  A giant gecko skeleton (D:9)
  8 giant newts
  A giant spore (D:10)
  A jackal zombie (D:8)
  19 kobolds
  40 rats
  A ballistomycete (D:10)
  A crawling corpse (Orc:4)
  4 fungi
2183 creatures vanquished.

Vanquished Creatures (collateral kills)
  Saint Roka (Snake:3)
  A golden dragon (Vaults:5)
  Vashnia (Snake:4)
  4 tentacled monstrosities
  4 Orb Guardians (Zot:5)
  3 titans (Vaults:5)
  A sphinx (Depths:3)
  5 storm dragons
  A tengu reaver (Depths:4)
  2 greater nagas (Snake:5)
  2 fire giants
  3 frost giants
  An iron dragon (Depths:2)
  3 vault wardens
  2 ironheart preservers
  A war gargoyle (Vaults:5)
  5 stone giants
  2 very ugly things
  A draconian shifter (Zot:5)
  A pale draconian (Zot:2)
  A yellow draconian (Zot:5)
  10 vault guards
  A white draconian (Zot:4)
  3 ettins
  A death ooze (Swamp:5)
  A green death (Swamp:5)
  3 yaktaur captains
  A death cob (Zot:2)
  A rakshasa (Depths:1)
  A spriggan air mage (Depths:2)
  4 naga warriors (Snake:5)
  2 fire dragons
  8 hydras
  A ghost crab (shapeshifter) (Depths:4)
  A hell beast (Swamp:5)
  4 deep troll earth magi
  A centaur warrior (Depths:1)
  3 ogre magi
  4 anacondas (Snake:4)
  A deep troll shaman (Depths:3)
  4 death yaks
  A shock serpent (Snake:3)
  2 vampire magi
  A naga sharpshooter (Snake:5)
  A spriggan berserker (Depths:3)
  A hell knight (Depths:4)
  7 deep trolls
  A sea snake (Snake:5)
  2 swamp dragons
  An unseen horror (shapeshifter) (Vaults:1)
  A spriggan druid (Swamp:5)
  A naga ritualist (Snake:5)
  A flayed ghost (Depths:4)
  2 orc knights
  A mana viper (Snake:1)
  3 ironbrand convokers
  A wolf spider (Vaults:1)
  A deep elf conjurer (Vaults:2)
  A stone giant zombie (Vaults:1)
  A griffon (Vaults:1)
  A harpy (Vaults:4)
  2 phantasmal warriors (Vaults:1)
  A hill giant (D:13)
  A water nymph (shapeshifter) (Depths:4)
  6 salamanders
  A manticore (shapeshifter) (Depths:1)
  A moth of wrath (shapeshifter) (Vaults:5)
  7 ugly things
  A black mamba (Snake:4)
  2 elephants (Lair:8)
  A guardian serpent (Snake:5)
  7 naga magi
  2 vault sentinels (Vaults:1)
  A centaur skeleton (D:13)
  4 yaktaurs
  A gargoyle (D:13)
  A deep elf priest (Orc:4)
  2 komodo dragons (Lair:8)
  3 freezing wraiths
  A tengu conjurer (Depths:2)
  A human skeleton (Vaults:1)
  A giant leech (Swamp:5)
  A blue devil (IceCv)
  A troll (Orc:3)
  2 bog bodies
  4 ravens
  4 blink frogs
  A slime creature (Swamp:5)
  2 baby alligators (Swamp:4)
  A basilisk (Lair:8)
  3 two-headed ogres
  A shadow (Swamp:5)
  A vampire (Depths:3)
  2 redbacks (Vaults:5)
  2 spriggans (Swamp:1)
  A human (D:13)
  5 vampire mosquitoes (Swamp:1)
  4 deep elf fighters
  7 nagas
  A wolf (Lair:7)
  A hippogriff (shapeshifter) (Vaults:5)
  A mottled dragon (Lair:8)
  A water moccasin (Snake:4)
  A wandering mushroom (Zot:5)
  A spider (Lair:8)
  2 wasps (Swamp:1)
  4 orc warriors
  2 centaurs
  A crocodile (Lair:8)
  15 ogres
  A human zombie (Vaults:1)
  2 wights (D:13)
  2 crimson imps
  An orc priest (Vaults:4)
  An iguana (Lair:8)
  2 sheep (D:13)
  7 white imps (Swamp:4)
  13 orcs
  A goblin (Orc:4)
  2 kobolds (Vaults:1)
282 creatures vanquished.

Vanquished Creatures (others)
  A vault warden (Vaults:5)
  A ghost moth (Zot:4)
  2 ironheart preservers
  A draconian shifter (Zot:5)
  A green draconian (Zot:5)
  4 yellow draconians (Zot:5)
  A purple draconian (Zot:5)
  3 ettins
  A deep elf death mage (Vaults:2)
  2 yaktaur captains
  A minotaur (Depths:3)
  4 great orbs of eyes
  A vault guard (Vaults:5)
  A ghost crab (Swamp:5)
  3 death cobs (Zot:5)
  A naga warrior (Snake:4)
  2 ice dragons (Depths:4)
  2 centaur warriors (Depths:3)
  An alligator (Swamp:5)
  2 spriggan air magi (Depths:4)
  A catoblepas (Depths:2)
  A deep troll earth mage (Depths:2)
  2 deep troll shamans
  3 ogre magi
  A spriggan berserker (Depths:4)
  An unseen horror (Vaults:1)
  A deep troll (Depths:4)
  2 giant orange brains
  A swamp dragon (Swamp:2)
  A necromancer (Vaults:5)
  3 orc knights
  2 hill giants
  A griffon (Vaults:1)
  A wolf spider (Vaults:1)
  2 cyclopes
  A hornet (shapeshifter) (Depths:1)
  A hornet (Vaults:1)
  3 ironbrand convokers
  6 ugly things
  A guardian serpent (Snake:5)
  8 moths of wrath
  9 black mambas
  4 vault sentinels
  3 naga magi
  3 spiny frogs
  A centaur skeleton (D:13)
  22 yaktaurs
  A spiny frog (shapeshifter) (Vaults:1)
  A golden dragon simulacrum (Vaults:5)
  A polar bear (shapeshifter) (Vaults:4)
  A freezing wraith (Vaults:5)
  11 slime creatures
  A sphinx simulacrum (Vaults:5)
  2 ravens (Depths:2)
  11 two-headed ogres
  2 boulder beetles
  A bog body (Swamp:5)
  A raven (shapeshifter) (Vaults:1)
  A trapdoor spider (shapeshifter) (Vaults:1)
  4 air elementals (Depths:4)
  2 blink frogs (Swamp:3)
  A spriggan (Swamp:2)
  A wraith (Vaults:1)
  A hungry ghost (D:13)
  2 redbacks (Vaults:3)
  A shadow (Swamp:5)
  4 vampire mosquitoes
  A deep elf fighter (Vaults:1)
  2 hippogriffs
  5 water moccasins
  10 nagas
  7 insubstantial wisps
  A porcupine (Lair:6)
  9 ogres
  3 wasps
  2 swamp drakes (Swamp:5)
  3 crocodiles
  A human simulacrum (Vaults:5)
  3 orc priests
  2 jellies
  An orc wizard (Vaults:1)
  A worker ant (D:13)
  A sheep (Lair:8)
  3 adders (Lair:8)
  2 river rats
  2 white imps (IceCv)
  2 ufetubi (IceCv)
  13 orcs
  A hobgoblin (Orc:4)
  A bush (Lair:8)
  26 fungi
  13 plants
  A singularity (Zot:5)
286 creatures vanquished.

Grand Total: 2751 creatures vanquished

Notes
Turn   | Place    | Note
--------------------------------------------------------------
     0 | D:1      | RobertPalmer, the Octopode Warper, began the quest for the Orb.
     0 | D:1      | Reached XP level 1. HP: 14/14 MP: 3/3
    31 | D:1      | Reached XP level 2. HP: 6/19 MP: 4/4
   441 | D:1      | Reached skill level 3 in Short Blades
   943 | D:2      | Noticed Ijyb
   958 | D:1      | Killed Ijyb
   958 | D:1      | Reached XP level 3. HP: 13/24 MP: 6/6
  1228 | D:2      | Found a bloodstained altar of Trog.
  1408 | D:2      | Reached skill level 4 in Short Blades
  1470 | D:2      | Found a radiant altar of Vehumet.
  1823 | D:3      | Reached XP level 4. HP: 29/29 MP: 7/7
  1827 | D:3      | Learned a level 2 spell: Blink
  1920 | D:3      | Noticed RobertPalmer's ghost (average OpWr)
  2676 | D:3      | Reached skill level 5 in Short Blades
  2676 | D:3      | Reached XP level 5. HP: 26/34 MP: 9/9
  2708 | D:3      | Reached skill level 1 in Stealth
  2940 | D:3      | Killed RobertPalmer's ghost
  2940 | D:3      | Reached skill level 4 in Stealth
  3173 | D:4      | Got a bound garnet amulet
  3215 | D:4      | Reached skill level 1 in Shields
  3215 | D:4      | Reached XP level 6. HP: 34/39 MP: 10/10
  3352 | D:4      | Identified the amulet of the Jester {rC+ Regen+ Dex+2} (You found it on level 4 of the Dungeon)
  3450 | D:4      | Reached skill level 5 in Stealth
  3720 | D:4      | Reached skill level 6 in Stealth
  3934 | D:5      | Entered Level 5 of the Dungeon
  3936 | D:5      | Found a basalt altar of Yredelemnul.
  4148 | D:5      | Reached XP level 7. HP: 45/45 MP: 12/12
  4330 | D:5      | Reached skill level 7 in Stealth
  4430 | D:5      | Found a deep blue altar of Sif Muna.
  4821 | D:5      | Reached skill level 8 in Stealth
  4881 | D:6      | Found a staircase to the Ecumenical Temple.
  4980 | D:6      | Found a glowing drain.
  5009 | Sewer    | Entered a sewer
  5334 | Sewer    | Reached skill level 9 in Stealth
  5391 | D:6      | Learned a level 2 spell: Shroud of Golubria
  5430 | D:6      | Found a white marble altar of Elyvilon.
  5532 | D:6      | Reached skill level 10 in Stealth
  5532 | D:6      | Reached XP level 8. HP: 34/50 MP: 13/13
  5772 | D:6      | Reached skill level 11 in Stealth
  6029 | D:6      | Noticed Eustachio
  6053 | D:6      | Killed Eustachio
  6053 | D:6      | Reached skill level 12 in Stealth
  6082 | Temple   | Entered the Ecumenical Temple
  6320 | Temple   | Became a worshipper of Dithmenos the Shadowed
  6731 | D:7      | Found Saupt's Armour Shoppe.
  6744 | D:7      | Reached skill level 3 in Dodging
  6757 | D:7      | Bought a +1 buckler of poison resistance for 189 gold pieces
  7023 | D:7      | Reached skill level 4 in Dodging
  7307 | D:7      | Reached XP level 9. HP: 48/54 MP: 14/14
  7386 | D:7      | Found an ancient bone altar of Kikubaaqudgha.
  7533 | D:8      | Reached skill level 5 in Dodging
  7990 | D:8      | Reached skill level 6 in Dodging
  8677 | D:9      | Found Ghuesm's Weapon Shoppe.
  8678 | D:9      | Reached skill level 6 in Short Blades
  8684 | D:9      | Bought a +1 dagger of electrocution for 132 gold pieces
  8697 | D:9      | Acquired Dithmenos' first power
  8815 | D:9      | Found Shrauckewiso's Magic Scroll Shoppe.
  8824 | D:9      | Bought a scroll of magic mapping for 52 gold pieces
  8954 | D:9      | Found Nutoor's Distillery.
  8965 | D:9      | Bought 2 potions of heal wounds for 120 gold pieces
  8965 | D:9      | Bought a potion of curing for 36 gold pieces
  8980 | D:9      | Reached skill level 7 in Short Blades
  9146 | D:9      | Noticed Sigmund
  9147 | D:9      | Noticed Psyche
  9162 | D:9      | Reached skill level 8 in Short Blades
  9162 | D:9      | Reached XP level 10. HP: 58/60 MP: 16/16
  9171 | D:9      | Reached skill level 7 in Dodging
  9349 | D:9      | Found Tiekur's Gadget Emporium.
  9364 | D:9      | Found a roughly hewn altar of Beogh.
  9827 | D:9      | Found a sparkling altar of Nemelex Xobeh.
  9852 | D:9      | Reached skill level 8 in Dodging
  9945 | D:9      | Killed Sigmund
 10326 | D:9      | Killed Psyche
 10326 | D:9      | Reached skill level 13 in Stealth
 10667 | D:9      | Found a staircase to the Orcish Mines.
 10678 | D:9      | Acquired Dithmenos' second power
 11022 | D:9      | Reached skill level 14 in Stealth
 11264 | D:10     | Entered Level 10 of the Dungeon
 11670 | D:10     | Reached skill level 4 in Translocations
 12218 | D:11     | Reached skill level 5 in Translocations
 12275 | D:11     | Reached XP level 11. HP: 64/64 MP: 17/17
 12303 | D:11     | Found a staircase to the Lair.
 12330 | D:11     | Reached skill level 6 in Translocations
 12432 | D:11     | Learned a level 5 spell: Phase Shift
 12980 | Lair:1   | Entered Level 1 of the Lair of Beasts
 13265 | Lair:1   | Reached skill level 7 in Translocations
 13282 | Lair:1   | You fall through a shaft!
 13349 | Lair:1   | Noticed a catoblepas
 13354 | Lair:1   | Killed a catoblepas
 13415 | Lair:1   | Reached skill level 8 in Translocations
 14266 | Lair:2   | Reached skill level 9 in Translocations
 15264 | Lair:3   | Reached skill level 3 in Spellcasting
 15282 | Lair:3   | Found a staircase to the Snake Pit.
 15402 | Lair:3   | Reached skill level 4 in Spellcasting
 15973 | Lair:3   | Reached skill level 5 in Spellcasting
 15979 | Lair:3   | Found a staircase to the Swamp.
 16017 | Lair:3   | Reached XP level 12. HP: 70/70 MP: 25/25
 16084 | Lair:4   | Noticed a five-headed hydra
 16149 | Lair:4   | Reached skill level 6 in Spellcasting
 16190 | Lair:4   | Learned a level 5 spell: Shadow Creatures
 16224 | Lair:4   | Reached skill level 1 in Summonings
 16249 | Lair:4   | Acquired Dithmenos' third power
 16306 | Lair:4   | Reached skill level 2 in Summonings
 16842 | Lair:4   | Reached skill level 3 in Summonings
 17399 | Lair:5   | Reached skill level 4 in Summonings
 17470 | Lair:5   | Reached skill level 5 in Summonings
 17610 | Lair:5   | Reached skill level 6 in Summonings
 18043 | Lair:6   | Noticed a death yak
 18044 | Lair:6   | Noticed a death yak
 18044 | Lair:6   | Noticed a death yak
 18044 | Lair:6   | Noticed a death yak
 18045 | Lair:6   | Noticed a death yak
 18115 | Lair:6   | Reached skill level 7 in Summonings
 18135 | Lair:6   | Found a viscous altar of Jiyva.
 18136 | Lair:6   | Found a staircase to the Slime Pits.
 18184 | Lair:6   | Noticed a six-headed hydra
 18206 | Lair:6   | Noticed a four-headed hydra
 18209 | Lair:6   | Killed a six-headed hydra
 18220 | Lair:6   | Killed a four-headed hydra
 18220 | Lair:6   | Reached skill level 8 in Summonings
 18292 | Lair:6   | Learned a level 2 spell: Repel Missiles
 18306 | Lair:6   | Killed a death yak
 18308 | Lair:6   | Killed a death yak
 18311 | Lair:6   | Killed a death yak
 18311 | Lair:6   | Reached skill level 9 in Summonings
 18313 | Lair:6   | Killed a death yak
 18315 | Lair:6   | Killed a death yak
 18315 | Lair:6   | Reached XP level 13. HP: 74/74 MP: 27/27
 18392 | Lair:6   | Learned a level 2 spell: Sure Blade
 18409 | Lair:6   | Reached skill level 10 in Summonings
 18793 | Lair:7   | Reached skill level 7 in Fighting
 18793 | Lair:7   | Reached XP level 14. HP: 79/92 MP: 28/28
 18884 | Lair:7   | Reached skill level 1 in Invocations
 18896 | Lair:7   | Reached skill level 2 in Invocations
 18922 | Lair:7   | Reached skill level 3 in Invocations
 19003 | Lair:7   | Reached skill level 4 in Invocations
 19123 | Lair:7   | Reached skill level 1 in Charms
 19403 | Lair:8   | Entered Level 8 of the Lair of Beasts
 19409 | Lair:8   | Reached skill level 2 in Charms
 19500 | Lair:8   | Reached skill level 3 in Charms
 19730 | Lair:7   | Reached skill level 4 in Charms
 20283 | Lair:8   | Reached skill level 5 in Charms
 20367 | Lair:8   | Acquired Dithmenos' fourth power
 20594 | Lair:8   | Reached skill level 10 in Translocations
 21506 | Lair:8   | Reached skill level 5 in Invocations
 21620 | Lair:8   | Got a shimmering short sword
 21623 | Lair:8   | Identified the +1 short sword of Proximity {pierce, rF- Str+3 SInv Stlth+} (You found it on level 8 of the Lair of Beasts)
 21731 | Lair:8   | Reached skill level 6 in Invocations
 22090 | Lair:6   | Reached skill level 7 in Invocations
 22445 | D:12     | Found a labyrinth entrance.
 22451 | Lab      | Entered a labyrinth
 22763 | Lab      | Reached skill level 8 in Invocations
 22765 | Lab      | Got a steaming lead ring
 22831 | Lab      | Got a twisted rapier {flame}
 22833 | Lab      | Identified the +9 rapier of Tenedyipn {flame, Contam Str+4 Int+8} (You took it off a minotaur in a labyrinth)
 22876 | Lab      | Gained mutation: Your magical capacity is low (-10% MP). [mutagenic glow]
 22892 | Lab      | Identified the ring "Akhlatsept" {rC+ Slay+2} (You took it off a minotaur in a labyrinth)
 23122 | D:12     | Reached XP level 15. HP: 94/97 MP: 25/25
 23755 | D:12     | Reached skill level 9 in Invocations
 24252 | D:13     | Reached skill level 10 in Invocations
 24685 | D:13     | Found a gate to the Vaults.
 24688 | D:13     | Reached skill level 11 in Invocations
 24708 | D:13     | HP: 21/97 [human (5)]
 24708 | D:13     | HP: 5/97 [orc warrior/war axe (16)]
 25747 | D:13     | Reached skill level 15 in Stealth
 26589 | D:14     | Reached skill level 16 in Stealth
 26633 | D:15     | Entered Level 15 of the Dungeon
 26820 | D:15     | Found Zaqyuv's Food Emporium.
 27377 | D:15     | Found a staircase to the Depths.
 27388 | D:15     | Reached skill level 17 in Stealth
 27774 | Swamp:1  | Entered Level 1 of the Swamp
 27996 | Swamp:1  | Reached skill level 18 in Stealth
 28043 | Swamp:1  | Reached XP level 16. HP: 99/99 MP: 27/27
 28903 | Swamp:1  | Reached skill level 19 in Stealth
 29165 | Swamp:2  | Noticed Asterion
 29184 | Swamp:2  | Killed Asterion
 29785 | Swamp:2  | Reached skill level 20 in Stealth
 30717 | Swamp:3  | Reached skill level 21 in Stealth
 31099 | Swamp:4  | Found a frozen archway.
 31135 | IceCv    | Entered an ice cave
 31490 | IceCv    | Noticed an Ice Fiend
 31920 | Swamp:4  | Reached skill level 22 in Stealth
 32019 | Swamp:4  | Noticed a thorn hunter
 32038 | Swamp:4  | Killed a thorn hunter
 32242 | Swamp:4  | Reached XP level 17. HP: 104/104 MP: 27/27
 32533 | Swamp:5  | Entered Level 5 of the Swamp
 32542 | Swamp:5  | Noticed Jorgrun
 32547 | Swamp:5  | Killed Jorgrun
 32641 | Swamp:5  | HP: 14/104 [seven-headed hydra (13)]
 32658 | Swamp:5  | HP: 8/104 [spriggan rider/spear (18)]
 32851 | Swamp:5  | Reached skill level 23 in Stealth
 34154 | Swamp:5  | Got a decaying rune of Zot
 34176 | Swamp:5  | Reached skill level 24 in Stealth
 34490 | Snake:1  | Entered Level 1 of the Snake Pit
 34729 | Snake:1  | Found an opulent altar of Gozag.
 35470 | Snake:2  | Reached skill level 25 in Stealth
 36321 | Snake:3  | Noticed Saint Roka
 36431 | Snake:3  | Noticed Wiglaf
 36436 | Snake:3  | Killed Wiglaf
 36700 | Snake:3  | Killed Saint Roka
 37178 | Snake:3  | Reached XP level 18. HP: 110/110 MP: 28/28
 37409 | Snake:3  | Reached skill level 26 in Stealth
 38200 | Snake:4  | Noticed Aizul
 38204 | Snake:4  | Killed Aizul
 38752 | Snake:4  | Reached skill level 27 in Stealth
 38979 | Snake:4  | Noticed Vashnia
 38980 | Snake:4  | Reached skill level 8 in Fighting
 39005 | Snake:4  | HP: 27/113 [Vashnia/arrow (12)]
 39006 | Snake:4  | Killed Vashnia
 39388 | Snake:5  | Entered Level 5 of the Snake Pit
 39451 | Snake:5  | Found a blossoming altar of Fedhas.
 39452 | Snake:5  | Reached skill level 9 in Fighting
 39532 | Snake:5  | Noticed Snorg
 39562 | Snake:5  | Killed Snorg
 40037 | Snake:5  | Noticed Frances
 40059 | Snake:5  | Killed Frances
 40059 | Snake:5  | Reached skill level 10 in Fighting
 40487 | Snake:5  | HP: 26/117 [greater naga/whip (4)]
 40504 | Snake:5  | HP: 28/117 [naga warrior/flail (4)]
 40509 | Snake:5  | HP: 28/117 [poisoned by a naga warrior (splash of poison)]
 40516 | Snake:5  | HP: 26/117 [sea snake (5)]
 40522 | Snake:5  | HP: 27/118 [poisoned by a naga warrior (splash of poison)]
 41188 | Snake:5  | Reached skill level 11 in Fighting
 42193 | Snake:5  | Reached XP level 19. HP: 126/126 MP: 28/28
 42620 | Snake:5  | Reached skill level 12 in Fighting
 43629 | Snake:5  | Got a serpentine rune of Zot
 43846 | Snake:3  | HP: 18/129 [shock serpent/bolt of electricity (19)]
 44266 | Vaults:1 | Entered Level 1 of the Vaults
 44422 | Vaults:1 | Reached skill level 9 in Dodging
 45074 | Vaults:1 | Reached skill level 10 in Dodging
 45689 | Vaults:1 | Reached skill level 11 in Dodging
 46140 | D:9      | Bought a scroll of enchant weapon for 112 gold pieces
 46140 | D:9      | Bought a scroll of acquirement for 780 gold pieces
 46149 | D:9      | Got a shimmering hat
 46150 | D:9      | Identified the +1 hat of Benevolence {rN+ MP+9 Slay+4} (You acquired it on level 9 of the Dungeon)
 46557 | Vaults:1 | Reached skill level 9 in Short Blades
 46574 | Vaults:1 | HP: 12/129 [yaktaur captain/bolt (28)]
 47214 | Vaults:1 | Reached skill level 10 in Short Blades
 47269 | Vaults:1 | Reached XP level 20. HP: 110/135 MP: 29/29
 47588 | Vaults:1 | Reached skill level 11 in Short Blades
 47645 | Vaults:1 | Reached skill level 12 in Dodging
 48335 | Vaults:1 | Got a sparkling bronze ring
 48336 | Vaults:1 | Identified the ring "Sheclir" {Int+4 Stlth+} (You found it on level 1 of the Vaults)
 48808 | Vaults:2 | Found Prast's Assorted Antiques.
 48817 | Vaults:2 | Bought a smoking dagger for 147 gold pieces
 48823 | Vaults:2 | Identified the +7 dagger "Plog" {vamp, rN+ Int+3 Dex-3 SInv} (You bought it in a shop on level 2 of the Vaults)
 48844 | Vaults:2 | Bought a potion of curing for 63 gold pieces
 48844 | Vaults:2 | Bought a potion of magic for 168 gold pieces
 48944 | Vaults:2 | Reached skill level 13 in Dodging
 49743 | Vaults:2 | Noticed Mennas
 50357 | Vaults:2 | Reached skill level 14 in Dodging
 50716 | Vaults:3 | Found a flickering gateway to a bazaar.
 50726 | Bazaar   | Entered a bazaar
 50726 | Bazaar   | Found Staes' Gadget Shop.
 50726 | Bazaar   | Found Ekoucal's Antique Weapon Shop.
 50744 | Bazaar   | Found Ulilotui's General Store.
 50756 | Bazaar   | Found Ebot's Magic Scroll Boutique.
 50764 | Bazaar   | Bought a scroll of acquirement for 572 gold pieces
 50764 | Bazaar   | Bought a scroll of acquirement for 572 gold pieces
 50764 | Bazaar   | Bought a scroll of acquirement for 572 gold pieces
 50771 | Bazaar   | Found Loanu's Antique Armour Emporium.
 50798 | Bazaar   | Got a shimmering quick blade
 50799 | Bazaar   | Identified the +5 quick blade "Estrupull" {drain, rElec rF+ Str+7 Int-4 Dex-3} (You acquired it in a bazaar)
 51947 | Vaults:3 | Found a staircase to the Crypt.
 52602 | Vaults:3 | Reached skill level 15 in Dodging
 53662 | Vaults:4 | Reached XP level 21. HP: 124/140 MP: 30/30
 53822 | Vaults:4 | Reached skill level 16 in Dodging
 54512 | Vaults:4 | Found Withrag's Magic Scroll Shop.
 54560 | Vaults:4 | Bought a scroll of magic mapping for 84 gold pieces
 54950 | Depths:1 | Entered Level 1 of the Depths
 55041 | Depths:1 | Found a gateway to Hell.
 55145 | Depths:1 | Found a huge runed gate.
 55145 | Depths:1 | Found a huge runed gate.
 55146 | Depths:1 | Found a huge runed gate.
 55146 | Depths:1 | Found a huge runed gate.
 55147 | Depths:1 | Found a huge runed gate.
 55148 | Depths:1 | Found a huge runed gate.
 55153 | Depths:1 | Found a huge runed gate.
 55153 | Depths:1 | Found a huge runed gate.
 55153 | Depths:1 | Found a huge runed gate.
 55153 | Depths:1 | Found a huge runed gate.
 55157 | Depths:1 | Found a huge runed gate.
 55158 | Depths:1 | Found a huge runed gate.
 55160 | Depths:1 | Found a huge runed gate.
 55161 | Depths:1 | Found a huge runed gate.
 55164 | Depths:1 | Found a huge runed gate.
 55164 | Depths:1 | Found a huge runed gate.
 55164 | Depths:1 | Found a huge runed gate.
 55164 | Depths:1 | Found a huge runed gate.
 55164 | Depths:1 | Found a huge runed gate.
 55164 | Depths:1 | Found a huge runed gate.
 55164 | Depths:1 | Found a huge runed gate.
 55164 | Depths:1 | Found a huge runed gate.
 55166 | Depths:1 | Found a huge runed gate.
 55177 | Depths:1 | Reached skill level 6 in Charms
 55186 | Depths:1 | Found a huge runed gate.
 55186 | Depths:1 | Found a huge runed gate.
 55186 | Depths:1 | Found a huge runed gate.
 55186 | Depths:1 | Found a huge runed gate.
 55186 | Depths:1 | Found a huge runed gate.
 55187 | Depths:1 | Found a huge runed gate.
 55188 | Depths:1 | Found a huge runed gate.
 55188 | Depths:1 | Found a huge runed gate.
 55189 | Depths:1 | Found a huge runed gate.
 55206 | Depths:1 | Found a huge runed gate.
 55206 | Depths:1 | Found a huge runed gate.
 55207 | Depths:1 | Found a huge runed gate.
 55774 | Depths:1 | Reached skill level 7 in Charms
 56000 | Depths:1 | Reached skill level 8 in Charms
 56198 | Depths:2 | Found Thrantijop's Weapon Boutique.
 56328 | Depths:2 | Reached skill level 9 in Charms
 56671 | Depths:2 | Reached skill level 10 in Charms
 56775 | Depths:2 | Cast into the Abyss (an ogre mage)
 56794 | Depths:2 | Escaped the Abyss
 56832 | Depths:2 | HP: 28/140 [stone giant (38)]
 57041 | Depths:2 | Reached skill level 11 in Charms
 57084 | Depths:2 | Found a runed door.
 57199 | Depths:1 | Reached skill level 11 in Translocations
 57201 | Depths:1 | Reached XP level 22. HP: 118/147 MP: 30/30
 57606 | Depths:2 | Learned a level 6 spell: Deflect Missiles
 57613 | Depths:2 | Learned a level 6 spell: Haste
 58026 | Depths:3 | Found a one-way gate leading to the halls of Pandemonium.
 58104 | Depths:3 | Found a gateway to a ziggurat.
 58162 | Depths:3 | Found a portal to a secret trove of treasure.
 58216 | Depths:3 | Reached skill level 12 in Charms
 58894 | Depths:3 | Found a one-way gate to the infinite horrors of the Abyss.
 58956 | Depths:3 | Reached skill level 13 in Charms
 59890 | Depths:4 | Reached skill level 14 in Charms
 59922 | Depths:4 | Noticed Xtahua
 59940 | Depths:4 | Killed Xtahua
 60294 | Depths:4 | Reached skill level 15 in Charms
 60460 | Depths:4 | Noticed a caustic shrike
 60463 | Depths:4 | Killed a caustic shrike
 60574 | Depths:4 | Reached XP level 23. HP: 152/152 MP: 31/31
 60579 | Depths:4 | Found Threfef's Weapon Emporium.
 60606 | Depths:4 | Reached skill level 7 in Spellcasting
 60774 | Depths:4 | Noticed a caustic shrike
 61088 | Depths:4 | Reached skill level 8 in Spellcasting
 61334 | Depths:4 | Killed a caustic shrike
 61767 | Depths:4 | Reached skill level 9 in Spellcasting
 62397 | Depths:5 | Entered Level 5 of the Depths
 62546 | Depths:5 | Reached skill level 10 in Spellcasting
 62691 | Depths:5 | Reached skill level 11 in Spellcasting
 63310 | Depths:5 | Found a gate to the Realm of Zot.
 63584 | D:13     | Reached skill level 13 in Fighting
 63736 | Orc:1    | Entered Level 1 of the Orcish Mines
 63739 | Orc:1    | Found Klett's Distillery.
 63800 | Orc:1    | Noticed Joseph
 63810 | Orc:1    | Killed Joseph
 63822 | Orc:1    | Found an iron altar of Okawaru.
 64752 | Orc:3    | Found Chuf's Antique Armour Shop.
 64876 | Orc:3    | Found a roughly hewn altar of Beogh.
 64963 | Orc:3    | Found a staircase to the Elven Halls.
 65035 | Orc:3    | Found a roughly hewn altar of Beogh.
 65169 | Orc:4    | Entered Level 4 of the Orcish Mines
 65458 | Orc:4    | Found a roughly hewn altar of Beogh.
 65598 | Orc:4    | Found a roughly hewn altar of Beogh.
 65661 | Orc:4    | Found a roughly hewn altar of Beogh.
 65664 | Orc:4    | Found Blozashruquu's Antique Armour Boutique.
 65675 | Orc:4    | Found Vacur's Antique Weapon Shop.
 66229 | Orc:4    | Found a roughly hewn altar of Beogh.
 66230 | Orc:4    | Found Crioc's Distillery.
 66245 | Orc:4    | Bought a potion of heal wounds for 80 gold pieces
 66245 | Orc:4    | Bought a potion of heal wounds for 80 gold pieces
 66245 | Orc:4    | Bought a potion of cancellation for 128 gold pieces
 66245 | Orc:4    | Bought a potion of curing for 48 gold pieces
 66245 | Orc:4    | Bought a potion of brilliance for 64 gold pieces
 66283 | Orc:4    | Found a roughly hewn altar of Beogh.
 66316 | Orc:4    | Found a roughly hewn altar of Beogh.
 66316 | Orc:4    | Found Ovvih's Book Shoppe.
 66360 | Orc:4    | Bought an Akashic Record for 1435 gold pieces
 66369 | Orc:4    | Learned a level 7 spell: Controlled Blink
 66379 | Orc:4    | Learned a level 9 spell: Singularity
 66592 | Orc:4    | Found Xeda's Assorted Antiques.
 66598 | Orc:4    | Bought a scroll labeled THRIXU LOLY for 28 gold pieces
 66602 | Orc:4    | Bought a potion of might for 112 gold pieces
 66607 | Orc:4    | Found a roughly hewn altar of Beogh.
 67022 | Vaults:5 | Entered Level 5 of the Vaults
 67036 | Vaults:5 | Reached skill level 12 in Translocations
 67126 | Vaults:5 | Reached XP level 24. HP: 50/161 MP: 21/35
 67374 | Vaults:5 | HP: 35/161 [titan (39)]
 67587 | Vaults:5 | Reached skill level 13 in Translocations
 68326 | Vaults:5 | Reached skill level 14 in Translocations
 68787 | Vaults:5 | Reached skill level 15 in Translocations
 69079 | Vaults:5 | Got a silver rune of Zot
 69110 | Vaults:5 | Got a scintillating steel ring
 69119 | Vaults:5 | Got a bound lapis lazuli ring
 69120 | Vaults:5 | Identified the ring of Qirubopn {rN+ Dex+2} (You found it on level 5 of the Vaults)
 69121 | Vaults:5 | Identified the ring "Umyla" {+Blink rF+ rC+ Str+5} (You found it on level 5 of the Vaults)
 69135 | Vaults:5 | Got a steaming ivory ring
 69136 | Vaults:5 | Identified the ring "Uwyqie Ghuuq" {rC++ Int+5} (You found it on level 5 of the Vaults)
 69141 | Vaults:5 | Got a translucent lead ring
 69142 | Vaults:5 | Identified the ring "Steaheum" {MR++ Int+4 Dex-2 Stlth-} (You found it on level 5 of the Vaults)
 69768 | Zot:1    | Entered Level 1 of the Realm of Zot
 69784 | Zot:1    | Reached skill level 16 in Translocations
 70067 | Zot:1    | Gained mutation: You can breathe flames. [potion of beneficial mutation]
 70299 | Zot:3    | Reached skill level 17 in Translocations
 70299 | Zot:3    | Reached XP level 25. HP: 167/167 MP: 36/36
 70905 | Zot:5    | Entered Level 5 of the Realm of Zot
 70972 | Zot:5    | Reached skill level 18 in Translocations
 70988 | Zot:5    | Noticed an ancient lich
 70991 | Zot:5    | Killed an ancient lich
 71103 | Zot:5    | Noticed an orb of fire
 71103 | Zot:5    | Noticed an orb of fire
 71116 | Zot:5    | Noticed an orb of fire
 71116 | Zot:5    | Noticed an orb of fire
 71145 | Zot:5    | Reached skill level 19 in Translocations
 71528 | Zot:5    | Killed an orb of fire
 71952 | Zot:5    | HP: 30/167 [acid (12)]
 72292 | Zot:5    | Gained mutation: You evolve. [an orb of fire]
 72297 | Zot:5    | HP: 35/167 [orb of fire/fireball (22)]
 72309 | Zot:4    | Reached skill level 20 in Translocations
 72772 | Zot:5    | Noticed an ancient lich
 73175 | Zot:4    | Reached XP level 26. HP: 120/173 MP: 36/36
 74271 | Depths:2 | Reached skill level 21 in Translocations
 75804 | Zot:5    | Noticed an ancient lich
 75812 | Zot:5    | Paralysed by an ancient lich for 2 turns
 75830 | Zot:5    | Killed an ancient lich
 75858 | Zot:5    | Killed an orb of fire
 76035 | Zot:5    | Noticed an orb of fire
 76436 | Zot:5    | HP: 31/172 [bolt trap (29)]
 76797 | Zot:5    | Got the Orb of Zot
 76799 | Zot:5    | Noticed an orb of fire
 76820 | Zot:5    | Noticed an orb of fire
 76835 | Zot:5    | Gained mutation: Your body is slowly deteriorating. [mutagenic glow]
 76839 | Zot:5    | HP: 29/171 [Orb Guardian (22)]
 76840 | Zot:5    | HP: 12/171 [Orb Guardian (17)]
 76845 | Zot:5    | Slain by an Orb Guardian

Action                   |  1- 3 |  4- 6 |  7- 9 | 10-12 | 13-15 | 16-18 | 19-21 | 22-24 | 25-27 || total
-------------------------+-------+-------+-------+-------+-------+-------+-------+-------+-------++-------
Melee: Short sword       |    26 |       |    11 |       |       |       |       |       |       ||    37
       Dagger            |    32 |   111 |   269 |   419 |   669 |  1099 |  1247 |  1439 |   616 ||  5901
       Rapier            |       |       |       |       |       |       |    45 |       |       ||    45
 Fire: Blowgun           |       |       |    56 |    87 |    18 |     2 |       |     3 |    13 ||   179
Throw: Tomahawk          |    24 |    41 |    35 |    10 |     4 |       |       |     8 |       ||   122
       Javelin           |       |    18 |    15 |     6 |       |       |       |       |       ||    39
       Throwing net      |       |       |       |     1 |     1 |       |       |       |       ||     2
 Cast: Phase Shift       |       |       |       |    12 |    50 |    60 |    66 |    81 |    23 ||   292
       Shroud of Golubri |       |       |       |     4 |       |       |       |       |       ||     4
       Blink             |       |       |       |     6 |    12 |    16 |    14 |    17 |       ||    65
       Sure Blade        |       |       |       |       |    55 |    79 |    81 |    88 |    26 ||   329
       Shadow Creatures  |       |       |       |       |    56 |    89 |   126 |   143 |    45 ||   459
       Repel Missiles    |       |       |       |       |     5 |     6 |     9 |     2 |       ||    22
       Haste             |       |       |       |       |       |       |       |     5 |     4 ||     9
       Controlled Blink  |       |       |       |       |       |       |       |       |    20 ||    20
       Apportation       |       |       |       |       |       |       |       |       |     7 ||     7
       Singularity       |       |       |       |       |       |       |       |       |     1 ||     1
Invok: Shadow Step       |       |       |       |     4 |     3 |    14 |     6 |    18 |     4 ||    49
       Shadow Form       |       |       |       |       |     1 |     1 |     2 |     1 |     2 ||     7
 Abil: End Transformatio |       |       |       |       |     1 |       |     2 |       |       ||     3
Evoke: Wand              |       |       |       |     4 |     1 |     6 |     6 |    13 |    33 ||    63
       Deck              |       |       |       |       |       |       |       |     1 |       ||     1
  Use: Scroll            |     2 |     7 |    12 |    15 |    26 |    17 |    18 |    23 |     9 ||   129
       Potion            |       |       |       |     1 |     8 |     6 |     8 |     4 |    17 ||    44
 Stab: Sleeping          |     2 |     8 |    38 |    95 |   113 |   163 |   101 |   168 |    24 ||   712
       Distracted        |       |       |     3 |     5 |     5 |    25 |    39 |    40 |    13 ||   130
       Held in net/web   |       |       |       |     1 |     1 |       |       |       |       ||     2
       Invisible         |       |       |       |       |     2 |     2 |     2 |     3 |       ||     9
       Paralysed         |       |       |       |       |       |       |     1 |       |       ||     1
  Eat: Chunk             |     2 |     7 |    16 |    32 |    59 |    59 |    76 |    76 |     4 ||   331
       Beef jerky        |     1 |       |       |       |     1 |     8 |     1 |     5 |       ||    16
       Pizza             |       |       |       |     1 |     2 |     5 |     4 |       |       ||    12
       Royal jelly       |       |       |       |     1 |     1 |     1 |       |       |       ||     3
       Fruit             |       |       |       |       |     1 |       |     8 |     2 |       ||    11
       Bread ration      |       |       |       |       |       |     4 |     5 |     3 |     7 ||    19

Vault maps used:
D:1:      dpeg_arrival_central, minmay_misc_feat_columns
D:2:      fiery_altar_vehumet, bloody_trog, uniq_iyjb
D:3:      st_stairs_8
D:5:      old_standard_altar, tgw_sif, first_bread, kennysheep_crisscross,
          lemuel_old_faithful
D:6:      elyvilon_altar_1, minmay_temple_entry_glassed_door,
          portal_sewer_entry_f, uniq_eustachio
D:7:      kiku_gazebo_garden_becter, serial_shops,
          nicolae_shop_temple_entry_statues_fountains, roderic_nine_men_s_morris
D:9:      erik_1, kennysheep_little_box, david_orc_5, serial_shops,
          nicolae_shop_temple_entry_statues_fountains, shop, shop, shop,
          serial_co_window_serial, co_window_paths_a, co_window_paths_a,
          co_window_paths_a, co_window_of_opportunity_a, co_window_corner_a,
          co_window_of_opportunity_a, co_window_paths_a, co_window_paths_c,
          co_window_paths_c, co_window_cross_2, co_window_corner_b,
          glass_columns_b, glass_columns_b, glass_columns_a
D:11:     lair_0_dummy, hangedman_fish_farm
D:12:     lab_entry_generic, elves_outpost_lemuel
D:13:     grunt_vaults_entry_tiered
D:14:     hangedman_decor_peaks_small, lightli_corner_chamber
D:15:     hangedman_depths_entry_try_elsewhere_first, minmay_misc_feat_pillars,
          serial_shops, nicolae_shop_trees, minmay_hedge_maze
Temple:   water_room_temple_b_12
Lair:1:   grunt_megastairs_1
Lair:2:   grunt_megastairs_4, serial_bayou_shore_a
Lair:3:   nicolae_swamp_entry_splash_gauntlet, guppyfry_snake_entry_island,
          serial_pond, minmay_pond_plants_p, minmay_pond_plants_i,
          bh_autumn_forest_stairs
Lair:4:   lemuel_fruit_fields, lemuel_fruit_tree
Lair:5:   minmay_lair_oklob_bushes
Lair:6:   slime_altar_1
Lair:8:   guppyfry_lair_end_dragon, hangedman_lair_tendril_chambers,
          serial_forest, infiniplex_forest_clump_C,
          infiniplex_forest_clump_curved, infiniplex_forest_lined_1,
          infiniplex_forest_straight_3, infiniplex_forest_clump_curved
Swamp:1:  evilmike_swamp_ruin_house_6, hangedman_swamp_blocks
Swamp:2:  evilmike_swamp_ruin_wall, swamp_pool5, hangedman_swamp_dais,
          uniq_asterion
Swamp:3:  serial_swamp_ruin, evilmike_swamp_ruin_house_2,
          evilmike_swamp_ruin_rubble_2, evilmike_swamp_ruin_house_4
Swamp:4:  portal_ice_cave_entry_imps, hangedman_swamp_ruin_wall, swamp_pool1,
          nicolae_swamp_oklob_treasure_island
Swamp:5:  swamp_vile, uniq_jorgrun
Snake:1:  basic_altar, grunt_megastairs_2
Snake:2:  st_stairs_4, grunt_megastairs_3
Snake:3:  uniq_wiglaf, uniq_saint_roka
Snake:4:  st_stairs_12, basic_stair_grate_trap, serial_bayou_shore_b,
          uniq_vashnia, uniq_aizul
Snake:5:  grunt_snake_rune_pools, lemuel_oklob_altar, uniq_frances, uniq_snorg
Orc:1:    serial_shops, shop_statue, okawaru_metal_pillars_1_2, uniq_joseph
Orc:2:    serial_shops, nicolae_shop_trees, lightli_church_of_beogh
Orc:3:    trap_god_beogh, serial_shops, shop, nicolae_orc_pool_cavern,
          mines1_david
Orc:4:    grunt_orc_community_town_hall, grunt_orc_community_big_house_1,
          grunt_orc_community_big_house_1, grunt_orc_community_house_1,
          grunt_orc_community_house_2, grunt_orc_community_house_2,
          grunt_orc_community_house_1, grunt_orc_community_house_2,
          serial_shops, shop, elf_legates
Vaults:1: st_greater_box_3, vaults_room_door_hall, v_rooms_4,
          ontoclasm_vaults_idyll, hangedman_vaults_impose,
          hangedman_vaults_slither, nicolae_vaults_three_branches, v_misc_18,
          dpeg_vaults_monster_box
Vaults:2: vaults_mumra_lcd, v_misc_3, ontoclasm_vaults_gateway, v_alt_pattern_5,
          ontoclasm_vaults_decontamination, v_misc_8, vaults_mumra_hexcomb,
          serial_ice_m, vaults_room_pools, nicolae_vaults_little_ls,
          serial_shops, shop_fountains, uniq_mennas
Vaults:3: ontoclasm_vaults_fault, vaults_room_semicircle,
          ontoclasm_vaults_tryst, v_misc_14, minmay_crypt_entry_vampire_xt,
          ontoclasm_vaults_loading_screen, ontoclasm_vaults_ring_small,
          serial_shops, bzr_in_the_mist
Vaults:4: hangedman_vaults_nodes, v_misc_12, v_rooms_1, vaults_room_octagon,
          vaults_room_mumra_shop_pool, vaults_dpeg_diagonal,
          grunt_vaults_funnel, nicolae_vaults_big_ls, v_misc_13,
          hangedman_vaults_cutoff, st_lines, ontoclasm_vaults_ring_large,
          vaults_room_semicircle
Vaults:5: serial_shops
Depths:1: minmay_isolated_rectangles_in_corner, serial_bayou_pond_e, hell_entry,
          door_vault, roderic_lattice_octagonal_star
Depths:2: mu_ancient_champions, hangedman_decor_points, serial_shops,
          nicolae_shop_waterfront, grunt_mini_vestibule, minmay_st_funbox
Depths:3: minmay_strange_plus, enter_ziggurat_c, pf_vacation_house_of_asmodeus,
          abyss_entry, hangedman_abyss_or_decor_stagger,
          nicolae_trove_entry_crossroad, grunt_pan_entry_spiral,
          evilmike_butchery, minmay_staircase_bubble
Depths:4: hangedman_cross_cluster, serial_shops, shop, abyss_entry, pan_entry,
          hellmouth_1, st_stairs_6, minmay_gold_behind_fungi, spider_trap,
          grunt_ministairs_12, uniq_xtahua
Depths:5: evilmike_zot_entry_diamond, hell_entry, hangedman_abyss_entry_splay,
          nrook_uturn
Zot:2:    kennysheep_six_static_rooms, st_stairs_5, grunt_ministairs_5
Zot:3:    lemuel_acid_trip, st_small_dragon_hoard_3, zot_minivault_1
Zot:5:    guppyfry_library_mini
Lab:      labyrinth_watery
Bazaar:   bazaar_lake
Sewer:    sewer_minmay_w
IceCv:    ice_cave_small_demon

Table legend:
 A = Turns spent in this place as a percentage of turns spent in the entire game.
 B = Non-inter-level travel turns spent in this place as a percentage of non-inter-level travel turns spent in the entire game.
 C = Inter-level travel turns spent in this place as a percentage of turns spent in this place.
 D = Turns resting spent in this place as a percentage of non-inter-level travel turns spent in this place.
 E = Turns spent auto-exploring this place as a percentage of non-inter-level travel turns spent in this place.
 F = Non-inter-level travel turns spent in this place divided by the number of levels of this place that you've seen.
                   A       B       C       D       E      F
               +-------+-------+-------+-------+-------+----------------------
         Total | 100.0 | 100.0 |   0.4 |   2.0 |   2.9 | 673.5
       Dungeon |  17.3 |  17.3 |   0.7 |   1.2 |   6.1 | 450.2
        Temple |   0.3 |   0.3 |   0.0 |   1.8 |   0.0 | 109.0
          Lair |  12.1 |  12.1 |   0.5 |   1.6 |   2.9 | 591.9
         Swamp |   9.1 |   9.1 |   0.3 |   2.3 |   1.5 | 714.6
     Snake Pit |  12.3 |  12.3 |   0.3 |   2.8 |   2.3 | 963.6
  Orcish Mines |   5.0 |   5.1 |   0.3 |   0.0 |   8.7 | 493.5
        Vaults |  18.2 |  18.3 |   0.3 |   2.0 |   1.9 | 1426.4
        Depths |  14.3 |  14.3 |   0.3 |   1.4 |   2.2 | 1120.2
           Zot |   7.6 |   7.6 |   0.1 |   4.7 |   0.0 | 593.6
         Abyss |   0.1 |   0.1 |   0.0 |   0.0 |   0.0 |  20.0
     Labyrinth |   0.9 |   0.9 |   0.0 |   5.3 |   0.0 | 339.0
        Bazaar |   0.3 |   0.3 |   0.0 |   0.0 |   0.0 | 126.0
         Sewer |   0.9 |   0.9 |   0.0 |   0.0 |   0.3 | 347.0
      Ice Cave |   1.4 |   1.5 |   0.0 |   2.1 |   0.0 | 568.0
               +-------+-------+-------+-------+-------+----------------------

Table legend:
 A = Kills in this place as a percentage of kills in entire the game.
 B = Kills by you in this place as a percentage of kills by you in the entire game.
 C = Kills by friends in this place as a percentage of kills by friends in the entire game.
 D = Other kills in this place as a percentage of other kills in the entire game.
 E = Experience gained in this place as a percentage of experience gained in the entire game.
 F = Experience gained in this place divided by the number of levels of this place that you have seen.
                   A       B       C       D       E      F
               +-------+-------+-------+-------+-------+----------------------
         Total | 100.0 | 100.0 | 100.0 | 100.0 | 100.0 | 19857.8
       Dungeon |  18.3 |  20.0 |   5.3 |   0.0 |   4.5 | 3470.3
          Lair |  10.6 |  11.2 |   5.7 |   0.0 |   4.4 | 6327.2
         Swamp |   8.3 |   7.7 |  12.8 |  25.0 |   6.7 | 15368.4
     Snake Pit |  10.8 |  10.3 |  15.3 |   0.0 |  11.1 | 25558.0
  Orcish Mines |  10.4 |  11.0 |   5.3 |  25.0 |   2.1 | 5933.0
        Vaults |  19.2 |  17.3 |  33.5 |   0.0 |  26.5 | 61148.2
        Depths |  13.1 |  12.4 |  17.8 |  25.0 |  23.8 | 54744.8
           Zot |   6.0 |   6.2 |   3.9 |  25.0 |  20.1 | 46299.8
     Labyrinth |   0.0 |   0.0 |   0.0 |   0.0 |   0.1 | 1058.0
         Sewer |   2.1 |   2.4 |   0.0 |   0.0 |   0.0 | 295.0
      Ice Cave |   1.2 |   1.3 |   0.4 |   0.0 |   0.7 | 8397.0
               +-------+-------+-------+-------+-------+----------------------
